 Dungeon Crawl Stone Soup version 0.16.0-16-g311141a (webtiles) character file.

68 Nefaurd the Chopper (level 4, -4/40 HPs)
             Began as a Hill Orc Fighter on Mar 19, 2015.
             Slain by Crazy Yiuf
             ... wielding a +4 quarterstaff of chaos
              (22 damage)
             ... on level 2 of the Dungeon.
             The game lasted 00:08:26 (1240 turns).

Nefaurd the Chopper (Hill Orc Fighter)              Turns: 1240, Time: 00:08:27

Health: -4/40      AC:  6    Str: 24    XL:     4   Next: 19%
Magic:  4/4        EV:  7    Int:  8    God:
Gold:   129        SH:  9    Dex: 10    Spells: 0 memorised, 3 levels left

rFire  . . .     SeeInvis .     a - +0 war axe
rCold  . . .     Clarity  .     b - +0 scale mail
rNeg   . . .     SustAb   .     c - +0 shield
rPois  .         Gourm    .     (no helmet)
rElec  .         Spirit   .     (no cloak)
rCorr  .         Warding  .     (no gloves)
rMut   .         Stasis   .     (no boots)
MR     .....                    (no amulet)
Stlth  ..........               (no ring)
                                k - +5 ring of strength

@: lethally poisoned (-4 -> -7), not resistant to hostile enchantments,
extremely unstealthy
A: no striking features
a: no special abilities


You were on level 2 of the Dungeon.
You were not hungry.

You visited 1 branch of the dungeon, and saw 2 of its levels.

You collected 129 gold pieces.

Inventory:

Hand weapons
 a - a +0 war axe (weapon)
Armour
 b - a +0 scale mail (worn)
 c - a +0 shield (worn)
Jewellery
 k - a +5 ring of strength (left hand)
Scrolls
 f - a scroll of fog
 g - a scroll of amnesia {unknown}
 i - 3 scrolls of remove curse
 l - a scroll of magic mapping {unknown}
 o - a scroll of teleportation
Potions
 e - a potion of might
 h - a potion of cure mutation {unknown}
 m - a potion of flight {unknown}
 n - 2 potions of brilliance {unknown}
 q - a potion of magic {unknown}
 r - a potion of restore abilities {unknown}
Books
 p - a book of Unlife

   Spells                             Type                      Level
   a - Recall                         Summoning/Translocation      3
   b - Animate Dead                   Necromancy                   4
   c - Control Undead                 Necromancy                   4
   d - Cigotuvi's Embrace             Necromancy                   5
   e - Death Channel                  Necromancy                   6
   f - Simulacrum                     Ice/Necromancy               6
Comestibles
 d - 2 meat rations
 j - 4 slices of pizza


   Skills:
 + Level 3.7 Fighting
 * Level 5.7 Axes
 * Level 3.2 Armour
 + Level 3.2 Shields


You had 3 spell levels left.
You didn't know any spells.

Dungeon Overview and Level Annotations

Branches:
Dungeon (2/15)

Altars:

Annotations:
D:2 Crazy Yiuf


Message History

Crazy Yiuf shouts!
Found eight hammers.
Press: ? - help, v - describe, . - travel, g - get item
Here: Crazy Yiuf, wielding a quarterstaff of chaos and wearing a cloak A hammer.
The floor.
Crazy Yiuf grits, "Tonal spinner snockshim!"
Crazy Yiuf drinks a potion.
Crazy Yiuf seems to grow stronger.
There is an open door here.
Crazy Yiuf hits you with a quarterstaff of chaos.
You are poisoned.
You see here a hammer.
You closely miss Crazy Yiuf.
You feel sick.
Crazy Yiuf says, "Mountain water mumblescurry!"
Crazy Yiuf hits you with a quarterstaff of chaos!
You hit Crazy Yiuf!
Crazy Yiuf is heavily wounded.
Crazy Yiuf hits you with a quarterstaff of chaos!!
Ouch! That really hurt!
You die...

##.........##...<..#
####..####.####.####
####..####.# #.#
........<..# ###
##.......###
#.......# ♣♣♣♣♣##
#.......#
#####♣♣♣)♣)..###
#.......#
#)))#♣))♣).....##
#.....#.##
#.g@')♣♣♣♣......#
#....###.## #)))#♣♣
♣♣..#..# #...## ##.#
##### ♣♣###.# ##.##
### #.# ##...## ##.#
#.# ......###.## #†#
##.#.#.#.#### #.#
#.#........###.# #.#
#.....#........# #.#


You could see Crazy Yiuf.

Vanquished Creatures
  3 adders (D:2)
  5 goblins
  8 hobgoblins
  5 kobolds
  A quokka (D:2)
  10 bats
  2 giant cockroaches
  2 giant newts
  6 rats
42 creatures vanquished.

Notes
Turn   | Place    | Note
--------------------------------------------------------------
     0 | D:1      | Nefaurd, the Hill Orc Fighter, began the quest for the Orb.
     0 | D:1      | Reached XP level 1. HP: 19/19 MP: 1/1
   155 | D:1      | Reached XP level 2. HP: 24/26 MP: 2/2
   203 | D:1      | Reached skill level 4 in Axes
   653 | D:2      | Reached XP level 3. HP: 31/31 MP: 3/3
   812 | D:2      | Reached skill level 5 in Axes
   934 | D:2      | Reached XP level 4. HP: 39/39 MP: 4/4
  1236 | D:2      | Noticed Crazy Yiuf
  1240 | D:2      | Slain by Crazy Yiuf

Action                   |  1- 3 |  4- 6 || total
-------------------------+-------+-------++-------
Melee: War axe           |    61 |    26 ||    87
  Use: Scroll            |     3 |       ||     3
  Eat: Fruit             |       |     1 ||     1
